 Dungeon Crawl Stone Soup version 0.29.1-15-g9cfb28693d (webtiles) character file.

Game seed: 3422648425523949025

273 Labrat the Digger (level 6, -6/45 HPs)
             Began as a Meteoran Earth Elementalist on Aug 30, 2023.
             Mangled by a gnoll sergeant
             ... wielding a +0 spear
              (9 damage)
             ... on level 5 of the Dungeon.
             The game lasted 00:15:14 (1533 turns).

Labrat the Digger (Meteoran Earth Elementalist)     Turns: 1533, Time: 00:15:15

Health: -6/45      AC:  4    Str:  9    XL:     6   Next: 78%
Magic:  6/14       EV: 12    Int: 19    God:
Gold:   74         SH:  0    Dex: 15    Spells: 9/15 levels left

rFire   . . .      SeeInvis .   (no weapon)
rCold   . . .      Faith    .   (no shield)
rNeg    . . .      Spirit   .   a - +0 robe
rPois   .          Reflect  .   (no helmet)
rElec   .          Harm     .   (no cloak)
rCorr   .          Rampage  .   l - +1 pair of gloves
Will    .....                   (no boots)
Stlth   +.........              (no amulet)
HPRegen 0.15/turn               (no ring)
MPRegen 0.14/turn               (no ring)

@: glowing
A: sense surroundings 1, otherworldly, glowing, explore regen
a: no special abilities


You were on level 5 of the Dungeon.
You visited 1 branch of the dungeon, and saw 5 of its levels.

You collected 107 gold pieces.
You spent 33 gold pieces at shops.

Inventory:

Armour
 a - a +0 robe (worn)
 l - a +1 pair of gloves (worn)
Scrolls
 f - a scroll of enchant armour {unknown}
 g - 2 scrolls of identify {unknown}
 j - a scroll of immolation {unknown}
 k - 2 scrolls of poison {unknown}
 o - a scroll of summoning {unknown}
 q - 2 scrolls of noise {unknown}
 s - a scroll of butterflies {unknown}
 t - a scroll of teleportation
Potions
 b - a potion of magic
 c - a potion of flight {unknown}
 d - a potion of attraction {unknown}
 e - 2 potions of mutation {unknown}
 h - a potion of cancellation {unknown}
 i - a potion of invisibility {unknown}
 m - a potion of heal wounds {unknown}
 n - a potion of might {unknown}
 p - a potion of brilliance {unknown}
 r - a potion of berserk rage {unknown}


   Skills:
 - Level 2.4 Dodging
 - Level 1.4 Stealth
 + Level 5.1 Spellcasting
 - Level 4.0 Transmutations
 + Level 5.5 Earth Magic


You had 9 spell levels left.
You knew the following spells:

 Your Spells              Type           Power      Damage    Failure   Level
a - Sandblast             Erth           52%        2d12      1%          1
b - Passwall              Tmut/Erth      19%        N/A       2%          2
c - Stone Arrow           Conj/Erth      30%        3d8       12%         3

Your spell library contained the following spells:

 Spells                   Type           Power      Damage    Failure   Level
 Petrify                  Tmut/Erth      23%        N/A       17%         4
 Static Discharge         Conj/Air       4%         3-4/arc   19%         2
 Dazzling Flash           Conj/Hex       8%         N/A       36%         3
 Agony                    Necr           4%         N/A       98%         5
 Lightning Bolt           Conj/Air       2%         1d13      98%         5
 Silence                  Hex/Air        2%         N/A       98%         5
 Maxwell's Capacitive Co  Air            2%         ∞         100%        8


Dungeon Overview and Level Annotations

Branches:
Dungeon (5/15) Zot: 1432
 Temple: D:4-7

Altars:
Ashenzari
Ru
Sif Muna

Shops:
D:4 (?[


Innate Abilities, Weirdness & Mutations

You passively map a small area around you.
You are easily found by Zot.
You glow in the dark.
You regain HP and MP as you explore.


Message History

The gnoll sergeant hits you from afar with a +0 spear!
The gnoll sergeant hits you from afar with a +0 spear.
Casting: Sandblast (safe; 1% risk of failure)
Confirm with . or Enter, or press ? or * to list all spells.
Aiming: Sandblast (safe; 1% risk of failure)
Press: ? - help, Shift-Dir - straight line, f/p - gnoll sergeant
Aim: a gnoll sergeant, wielding a +0 spear, wearing a +0 ring mail and wearing a +0 buckler (heavily wounded, 87% to hit)
The blast of sand hits the gnoll sergeant.
The gnoll sergeant is severely wounded.
A gnoll comes into view. It is wielding a +0 flail.
The gnoll sergeant misses you.
Casting: Sandblast (safe; 1% risk of failure)
Confirm with . or Enter, or press ? or * to list all spells.
Aiming: Sandblast (safe; 1% risk of failure)
Press: ? - help, Shift-Dir - straight line, f/p - gnoll sergeant
Aim: a gnoll sergeant, wielding a +0 spear, wearing a +0 ring mail and wearing a +0 buckler (severely wounded, 87% to hit)
The blast of sand misses the gnoll sergeant.
The blast of sand hits the gnoll!!
You kill the gnoll!
The gnoll sergeant hits you from afar with a +0 spear! x2
Casting: Sandblast (safe; 1% risk of failure)
Confirm with . or Enter, or press ? or * to list all spells.
Aiming: Sandblast (safe; 1% risk of failure)
Press: ? - help, Shift-Dir - straight line, f/p - gnoll sergeant
Aim: a gnoll sergeant, wielding a +0 spear, wearing a +0 ring mail and wearing a +0 buckler (severely wounded, 87% to hit)
The blast of sand hits the gnoll sergeant but does no damage.
The gnoll sergeant is severely wounded.
The gnoll sergeant hits you from afar with a +0 spear.
* * * LOW HITPOINT WARNING * * *
Casting: Sandblast (safe; 1% risk of failure)
Confirm with . or Enter, or press ? or * to list all spells.
Aiming: Sandblast (safe; 1% risk of failure)
Press: ? - help, Shift-Dir - straight line, f/p - gnoll sergeant
Aim: a gnoll sergeant, wielding a +0 spear, wearing a +0 ring mail and wearing a +0 buckler (severely wounded, 87% to hit)
The blast of sand hits the gnoll sergeant.
The gnoll sergeant is almost dead.
The gnoll sergeant hits you from afar with a +0 spear!
* * * LOW HITPOINT WARNING * * *
The gnoll sergeant hits you from afar with a +0 spear!
You die...

* * * * , , *
, , , * * *
##### * , ,
...# # , ,
*##.######g...
, *
#....@)ggg#
#..######## *
* #<.# #..# ,
#..# *** #..#
,* #..# * ,*
#..# * * * ,
...# *


You could see a gnoll sergeant and 3 gnolls.

Vanquished Creatures
  A water moccasin (D:3)
  A phantom (D:4)
  Terence (D:3)
  2 gnolls (D:5)
  An adder (D:3)
  A worm (D:2)
  4 dart slugs
  4 ball pythons
  3 endoplasms
  A giant cockroach (D:3)
  2 goblins (D:1)
  3 hobgoblins
  3 jackals (D:3)
  2 quokkas
  3 bats
  2 frilled lizards
  3 kobolds (D:1)
  2 rats (D:1)
39 creatures vanquished.

Notes
Turn   | Place    | Note
-------+----------+-------------------------------------------
     0 | D:1      | Labrat the Meteoran Earth Elementalist began the quest for
                  | the Orb.
     0 | D:1      | Reached XP level 1. HP: 14/14 MP: 5/5
   167 | D:1      | Reached XP level 2. HP: 20/20 MP: 4/6
   357 | D:1      | Reached XP level 3. HP: 3/26 MP: 2/8
   639 | D:3      | Reached XP level 4. HP: 33/33 MP: 7/10
   682 | D:3      | Noticed a water moccasin
   686 | D:3      | Killed a water moccasin
   687 | D:3      | Reached XP level 5. HP: 16/38 MP: 7/12
   690 | D:3      | Learned a level 2 spell: Passwall
   694 | D:3      | Learned a level 3 spell: Stone Arrow
   743 | D:3      | Noticed Terence
   748 | D:3      | Killed Terence
   749 | D:3      | Reached skill level 5 in Earth Magic
   749 | D:3      | Reached XP level 6. HP: 36/45 MP: 8/13
  1061 | D:4      | Found Bytas's Antique Armour Shoppe.
  1424 | D:4      | Found Lopin's Antique Weapon Shoppe.
  1425 | D:4      | Found Qeta's Magic Scroll Boutique.
  1431 | D:4      | Reached skill level 5 in Spellcasting
  1465 | D:4      | Found a shimmering blue altar of Sif Muna.
  1465 | D:4      | Found a broken altar of Ashenzari.
  1466 | D:4      | Found a sacrificial altar of Ru.
  1493 | D:4      | Bought a scroll of teleportation for 33 gold pieces
  1518 | D:5      | Entered Level 5 of the Dungeon
  1533 | D:5      | Mangled by a gnoll sergeant

Illustrated notes

Levels and vault maps discovered:
D:1:      lemuel_arrival_river_ford, layout_basic
D:2:      layout_loops_corners, lexackson_kobold_supper
D:3:      layout_basic, hangedman_decor_push, uniq_terence
D:4:      layout_basic, gammafunk_temple_overflow_claw,
          minmay_temple_entry_sparse_star, serial_shops, kennysheep_mini_moat,
          nicolae_shop_overgrown_old_shop, shop, shop
D:5:      cheibrodos_two_vegetables, layout_loops_ring, uniq_duvessa,
          uniq_grinder, uniq_menkaure

Skill      XL: |  1  2  3  4  5  6 |
---------------+-------------------+-----
Spellcasting   | 3 4 5 |  5.1
Transmutations | 2 3 4 |  4.0
Earth Magic    | 4 5 |  5.5
Dodging        | |  2.4
Stealth        | |  1.4

Action                   |  1- 3 |  4- 6 || total
-------------------------+-------+-------++-------
Melee: Unarmed           |    22 |       ||    22
 Cast: Sandblast         |    34 |    35 ||    69
       Passwall          |       |    13 ||    13
Armor: Robe              |    33 |       ||    33
Dodge: Dodged            |    52 |     8 ||    60
